Map: New Repugnancy LE

Players

Enlightened

  • Race: Protoss Protoss
  • League: Grandmaster
  • Spawn Location: 1:00

llllllllllll - Winner!

  • Race: Terran Terran
  • League: Grandmaster
  • Spawn Location: 7:00

VOD

Have the link to the VOD?

Description

Time

  • Played on: March 19, 2019, 7:57 p.m.
  • Length: 11:04
Show
View Real Time Build Order
Export as new Build Order

Enlightened Protoss 

Build Orders: 1 Gate Expand, Blink Stalkers, Chargelot Immortal 

Get SALT Encoding   

  12  0:00  Probe  
  13  0:12  Probe  
  14  0:17  Pylon  
  14  0:24  Probe  
  15  0:32  Probe  
  15  0:38  Gateway  
  15  0:40  Probe  
  16  0:48  Assimilator  
  17  0:51  Probe  
  18  1:03  Probe  
  19  1:15  Probe  
  20  1:25  Nexus  
  20  1:34  Cybernetics Core  
  20  1:36  Probe  
  21  1:42  Assimilator  
  21  1:48  Probe  
  21  1:51  Pylon  
  22  2:00  Probe  
  23  2:04  Adept  
  23  2:09  Probe  
  23  2:14  Warp Gate  
  25  2:17  Probe  
  26  2:25  Stalker  
  26  2:27  Probe  
  27  2:32  Twilight Council  
  29  2:39  Probe x2  
  29  2:40  Blink  
  31  2:51  Probe x2  
  33  3:03  Probe x2  
  35  3:07  Stalker  
  37  3:15  Probe  
  37  3:18  Probe  
  39  3:25  Gateway  
  39  3:27  Gateway  
  39  3:31  Probe  
  39  3:33  Probe  
  41  3:38  Pylon  
  40  3:43  Probe  
  40  3:45  Probe  
  40  3:55  Probe  
  41  3:57  Probe  
  42  4:02  Stalker  
  42  4:07  Probe  
  45  4:10  Nexus  
  45  4:13  Pylon  
  45  4:14  Probe  
  46  4:20  Stalker  
  46  4:22  Stalker  
  50  4:27  Stalker  
  50  4:28  Probe  
  53  4:32  Probe  
  53  4:35  Assimilator  
  54  4:39  Robotics Facility  
  54  4:43  Probe  
  54  4:44  Probe  
  56  4:47  Pylon  
  56  4:49  Pylon  
  56  4:51  Sentry x2  
  60  4:55  Probe  
  61  5:02  Probe  
  61  5:06  Stalker  
  52  5:07  Probe  
  52  5:10  Probe  
  53  5:17  Forge  
  53  5:18  Forge  
  53  5:19  Probe x2  
  55  5:22  Probe  
  57  5:29  Observer  
  57  5:30  Charge  
  57  5:31  Probe x2  
  57  5:32  Probe  
  61  5:40  Probe  
  61  5:42  Stalker  
  63  5:43  Probe  
  63  5:44  Probe  
  66  5:56  Stalker  
  65  6:05  Probe x2  
  65  6:08  Protoss Ground Weapons Level 1  
  65  6:09  Protoss Ground Armor Level 1  
  67  6:13  Probe  
  67  6:17  Probe  
  69  6:19  Probe  
  69  6:25  Probe  
  71  6:28  Warp Prism  
  71  6:30  Probe  
  71  6:31  Probe  
  75  6:35  Stalker x2  
  74  6:40  Stalker  
  75  6:59  Stalker  
  75  7:00  Stalker  
  74  7:01  Probe  
  74  7:02  Probe  
  74  7:03  Probe  
  71  7:12  Stalker  
  71  7:14  Probe x2  
  73  7:15  Probe  
  72  7:26  Probe x2  
  72  7:29  Gateway  
  74  7:30  Gateway  
  74  7:37  Gateway  
  74  7:44  Probe x3  
  74  7:46  Protoss Ground Weapons Level 2, Protoss Ground Armor Level 2  
  74  7:48  Gateway  
  74  7:50  Gateway  
  77  7:51  Gateway  
  77  7:56  Probe x2, Gateway  
  79  8:00  Pylon  
  79  8:01  Probe  
  80  8:11  Zealot  
  80  8:12  Zealot x2  
  86  8:27  Pylon  
  84  8:30  Nexus  
  84  8:34  Pylon  
  84  8:41  Pylon  
  84  8:45  Zealot  
  84  8:46  Zealot x6  
  96  8:56  Immortal  
  96  8:58  Assimilator  
  96  9:01  Robotics Facility  
  96  9:02  Assimilator  
  96  9:08  Assimilator  
  100  9:12  Templar Archives  
  100  9:21  Probe x2  
  102  9:25  Immortal  
  102  9:27  Photon Cannon  
  102  9:37  Probe x3  
  103  9:47  Immortal  
  103  9:54  Immortal  
  107  10:00  High Templar x2  
  107  10:01  Zealot x3  
  107  10:04  Archon  
  101  10:16  Immortal  
  101  10:18  High Templar x2  
  101  10:19  Zealot x3  
  109  10:23  Zealot x3  
  109  10:24  Archon  
  118  10:29  Pylon  
  118  10:33  Zealot x2  
  120  10:42  High Templar x2  
  128  10:46  Archon  
  128  10:49  Pylon x2  
Show
View Real Time Build Order
Export as new Build Order

llllllllllll Terran - Winner!

Build Orders: Liberator Opening, Reaper Expand, Mech 

Get SALT Encoding   

  12  0:00  SCV  
  13  0:12  SCV  
  14  0:17  Supply Depot  
  14  0:24  SCV  
  15  0:38  SCV  
  15  0:42  Barracks  
  16  0:46  Refinery  
  16  0:50  SCV  
  17  1:02  SCV  
  18  1:15  SCV  
  19  1:28  Orbital Command  
  19  1:29  Reaper  
  20  1:44  Command Center  
  20  1:53  Supply Depot  
  20  1:56  SCV  
  20  2:01  Marine  
  21  2:08  SCV  
  23  2:14  Factory  
  23  2:18  Refinery  
  23  2:23  Barracks Reactor  
  23  2:27  SCV  
  24  2:39  SCV  
  25  2:51  SCV  
  26  3:00  Widow Mine  
  26  3:01  Orbital Command, Starport  
  26  3:03  SCV  
  26  3:04  Marine  
  26  3:05  Marine  
  31  3:15  SCV  
  32  3:22  Widow Mine, Marine x2  
  36  3:27  SCV  
  36  3:28  SCV  
  36  3:32  Supply Depot  
  38  3:39  SCV  
  38  3:40  SCV  
  38  3:41  Medivac  
  42  3:43  Widow Mine, Marine x2  
  46  3:52  Supply Depot, SCV  
  46  3:53  SCV  
  46  3:55  Supply Depot  
  47  3:57  Liberator  
  47  4:01  Bunker  
  47  4:04  SCV, Refinery  
  47  4:06  Factory Tech Lab, Refinery  
  48  4:10  SCV  
  52  4:17  SCV  
  54  4:24  SCV  
  54  4:26  Marine, Siege Tank  
  54  4:27  Marine  
  54  4:30  SCV  
  60  4:36  SCV  
  61  4:40  Supply Depot  
  61  4:42  SCV  
  62  4:48  SCV  
  63  4:53  Command Center  
  63  4:54  Liberator, SCV  
  64  5:00  SCV  
  64  5:06  SCV  
  63  5:12  SCV, Siege Tank  
  70  5:15  Marine x2  
  70  5:18  SCV  
  73  5:24  SCV  
  73  5:25  Factory x2  
  73  5:30  SCV  
  73  5:34  Marine x2  
  73  5:35  Armory  
  76  5:36  SCV  
  76  5:42  SCV  
  78  5:43  Supply Depot  
  78  6:05  Siege Tank, SCV x2  
  78  6:07  Supply Depot x2  
  78  6:08  Starport Tech Lab  
  78  6:10  Factory Tech Lab  
  83  6:16  Factory x2  
  83  6:17  SCV  
  76  6:21  SCV  
  76  6:22  Supply Depot  
  77  6:25  Bunker  
  77  6:27  Hellion x2  
  77  6:32  Orbital Command  
  81  6:36  SCV  
  81  6:37  Siege Tank, SCV  
  86  6:40  Barracks Reactor  
  86  6:42  Terran Vehicle Weapons Level 1  
  86  6:48  SCV  
  86  6:49  SCV  
  86  6:50  Siege Tank  
  86  6:51  Hellion  
  86  6:54  Viking  
  92  6:58  Supply Depot  
  92  6:59  SCV  
  92  7:00  SCV  
  94  7:01  SCV  
  94  7:06  Hellion  
  96  7:09  Supply Depot  
  96  7:10  Bunker  
  96  7:12  Factory Tech Lab  
  96  7:21  SCV x2, Refinery  
  96  7:22  Refinery  
  95  7:24  Hellion, Siege Tank  
  95  7:27  Infernal Pre-Igniter  
  97  7:30  Drilling Claws, Armory  
  97  7:35  Siege Tank  
  97  7:36  Hellion x2  
  97  7:37  Hellion  
  106  7:38  SCV x2  
  106  7:39  SCV  
  109  7:47  Supply Depot  
  109  7:49  Supply Depot  
  109  7:50  Supply Depot, SCV x2  
  109  7:51  Hellion  
  113  7:54  SCV  
  113  7:56  Siege Tank  
  113  7:58  Hellion  
  119  8:00  Engineering Bay, Siege Tank  
  119  8:01  Hellion  
  119  8:05  Smart Servos  
  124  8:07  Siege Tank  
  124  8:12  Hellion  
  127  8:17  Engineering Bay  
  127  8:18  Terran Vehicle And Ship Armor Level 1  
  127  8:22  Siege Tank  
  127  8:23  Hellion  
  127  8:24  Engineering Bay  
  132  8:28  Hellion  
  132  8:31  Missile Turret  
  132  8:32  Missile Turret x2, Command Center  
  132  8:33  Missile Turret  
  132  8:34  Missile Turret  
  134  8:35  Siege Tank  
  134  8:41  Hellion, Siege Tank  
  142  8:44  Hellion  
  143  8:51  Missile Turret  
  143  8:55  Viking, Hellion, Siege Tank  
  148  8:56  Viking  
  154  9:02  Hellion  
  154  9:09  Missile Turret  
  151  9:10  Missile Turret, Hellion, Siege Tank  
  151  9:13  Hellion  
  160  9:17  Hellion  
  161  9:24  Hellion  
  161  9:26  Hellion x19  
  161  9:27  Hellion  
  163  9:32  Hellion  
  165  9:40  Supply Depot  
  165  9:42  Supply Depot  
  165  9:43  Supply Depot  
  165  9:44  Hellion, Siege Tank x2  
  165  9:45  Hellion  
  175  9:52  Viking x2  
  175  9:59  SCV x2  
  177  10:05  Hellion, Siege Tank x2  
  177  10:07  Hellion  
  181  10:14  Refinery  
  181  10:17  Hellion, Siege Tank, Refinery  
  181  10:18  Command Center  
  186  10:24  Factory  
  186  10:25  Factory  
  186  10:26  Hellion  
  196  10:43  Hellion  
Tags
 
Add a new tag
Caveats
  • Supply blocks, unpowered buildings, or Contaminate may cause inaccurate times.
  • Supply counts are checked every 10 seconds.